 Dungeon Crawl Stone Soup version 0.23.2-40-g277498a001 (webtiles) character file.

Game seed: 4579231011198023291

16 Arwald41 the Sneak (level 2, 0/28 HPs)
             Began as an Ogre Wanderer on Sept 6, 2019.
             Slain by a kobold
             ... wielding a +0 short sword
              (1 damage)
             ... on level 1 of the Dungeon on Sept 7, 2019.
             The game lasted 00:12:42 (461 turns).

Arwald41 the Sneak (Ogre Wanderer)                   Turns: 461, Time: 00:12:42

Health: 0/28       AC:  3    Str: 18    XL:     2   Next: 54%
Magic:  1/3        EV: 14    Int: 15    God:
Gold:   21         SH:  0    Dex: 13    Spells: 0/3 levels left

rFire    . . .     SeeInvis .   a - +0 quarterstaff
rCold    . . .     Gourm    .   (shield currently unavailable)
rNeg     . . .     Faith    .   d - +0 robe
rPois    .         Spirit   .   (helmet restricted)
rElec    .         Reflect  .   (no cloak)
rCorr    .         Harm     .   (gloves unavailable)
MR       .....                  (boots unavailable)
Stlth    +++.......             (no amulet)
HPRegen  0.09/turn              (no ring)
MPRegen  0.08/turn              (no ring)

@: mighty, agile
A: large, unfitting armour, tough skin 1
a: no special abilities


You were on level 1 of the Dungeon.
You were not hungry.

You visited 1 branch of the dungeon, and saw 1 of its levels.

You collected 21 gold pieces.

Inventory:

Hand Weapons
 a - a +0 quarterstaff (weapon)
Missiles
 g - a throwing net (quivered)
Armour
 d - a +0 robe (worn)
Comestibles
 f - 2 rations


   Skills:
 - Level 2.0 Fighting
 - Level 2.0 Staves
 - Level 1.1 Throwing
 - Level 1.0 Dodging
 - Level 2.1 Stealth
 + Level 1.3 Spellcasting
 - Level 1.7 Hexes
   Level 1.0 Air Magic


You couldn't memorise any spells.
You knew the following spells:

 Your Spells              Type           Power        Failure   Level  Hunger
a - Corona                Hex            #......      12%         1    ##.....
b - Ensorcelled Hibernat  Hex/Ice        #.....       26%         2    ###....

Your spell library contained the following spells:

 Spells                   Type           Power        Failure   Level  Hunger
 Confuse                  Hex            #.......     34%         3    ####...
 Tukima's Dance           Hex            #.......     34%         3    ####...
 Dazzling Spray           Conj/Hex       #.....       45%         3    ####...


Dungeon Overview and Level Annotations

Branches:
Dungeon (1/15)

Altars:


Innate Abilities, Weirdness & Mutations

You are too large for most types of armour.
You have tough skin. (AC +1)


Message History

The kobold hits you but does no damage.
As you read the scroll labeled PIZUECUGURO, it crumbles to dust.
It is a scroll of identify.
h - a potion of might The giant cockroach completely misses you.
The kobold barely misses you.
You feel very mighty all of a sudden. The giant cockroach barely misses you.
The kobold hits you with a +0 short sword. x2
* * * LOW HITPOINT WARNING * * *
You barely miss the kobold. The giant cockroach closely misses you.
The kobold barely misses you.
The giant cockroach bites you but does no damage.
The kobold hits you with a +0 short sword.
* * * LOW HITPOINT WARNING * * *
It was a potion of agility.
You feel agile all of a sudden. The giant cockroach closely misses you.
The kobold hits you with a +0 short sword.
You die...

,,,,,,,,*,,...**,,*..#.#
,,,,,,,,,,,,..#*,**....#
,,,,,,,,,,.K...#,*#...#*
,,,,,,,,*,,..#..,,....#
......,,*,,>.#..##(...##*****
.......,,,**.......#...#*,,,**
.......,,**##.##g.#.....,,,,,**
........####..##Ks......,,,,,,*
..#.#.##.......K@#......,,,,,,*
.#(....#........(#,.....,,,,,,*
...#...#........##*,....,,,,,**
.#*#............# **,..#*,,,**
.###...#........# ***##*****
.......#........#
.......#........#
.......#........#
................#


You could see a giant cockroach, a hobgoblin and 2 kobolds.

Vanquished Creatures
  3 goblins (D:1)
  3 jackals (D:1)
  3 kobolds (D:1)
  2 bats (D:1)
  2 rats (D:1)
13 creatures vanquished.

Notes
Turn   | Place    | Note
-------+----------+-------------------------------------------
     0 | D:1      | Arwald41 the Ogre Wanderer began the quest for the Orb.
     0 | D:1      | Arwald41 set off with the following items: a +0
                  | quarterstaff, a potion of curing, a +0 robe, a +0 dagger, a
                  | ration; and the following spell memorised: Corona; and the
                  | following spells available to memorise: Ensorcelled
                  | Hibernation, Confuse, Tukima's Dance, Dazzling Spray
     0 | D:1      | Reached XP level 1. HP: 19/19 MP: 1/1
    71 | D:1      | Reached skill level 1 in Spellcasting
   170 | D:1      | Reached skill level 1 in Throwing
   170 | D:1      | Reached XP level 2. HP: 12/27 MP: 1/3
   174 | D:1      | Learned a level 2 spell: Ensorcelled Hibernation
   460 | D:1      | HP: 1/28 [kobold/+0 short sword (6)]
   461 | D:1      | Slain by a kobold

Skill      XL: |  1  2 |
---------------+-------+-----
Spellcasting   | 1 |  1.3
Throwing       | 1 |  1.1
Fighting       | 2 |  2.0
Staves         | |  2.0
Dodging        | |  1.0
Stealth        | |  2.1
Hexes          | |  1.7
Air Magic      | |  1.0

Action                   || total
-------------------------++-------
Melee: Quarterstaff      ||    46
 Cast: Corona            ||    14
  Use: Potion            ||     3
       Scroll            ||     2
Armor: Robe              ||    20
Dodge: Dodged            ||    36
